 Dungeon Crawl Stone Soup version 0.31-a0-259-g771a54ca4b (webtiles) character file.

Game seed: 4351600787418807018

88 qw the Shooter (level 4, -3/36 HPs)
             Began as a Minotaur Hexslinger on July 13, 2023.
             Killed by nerve-wracking pain
             ... invoked by an orc priest
              (8 damage)
             ... on level 3 of the Dungeon.
             The game lasted 00:00:35 (2241 turns).

qw the Shooter (Minotaur Hexslinger)                Turns: 2241, Time: 00:00:35

Health: -3/36      AC:  5    Str: 12      XL:     4   Next: 29%
Magic:  4/4        EV: 10    Int:  7 (10) God:
Gold:   176        SH:  0    Dex: 13 (15) Spells: 4/5 levels left

rFire   . . .        Y - +1 sling
rCold   . . .        (no shield)
rNeg    . . .        a - +0 ring mail
rPois   .            (helmet restricted)
rElec   .            (no cloak)
rCorr   .            (no gloves)
SInv    +            (no boots)
Will    .....        i - amulet of faith
Stlth   +            e - ring of see invisible
HPRegen 0.26/turn    (no ring)
MPRegen 0.09/turn

%: faith
@: no status effects
A: horns 2, retaliatory headbutt
a: no special abilities


You were on level 3 of the Dungeon.
You visited 1 branch of the dungeon, and saw 3 of its levels.

You collected 176 gold pieces.


Innate Abilities, Weirdness & Mutations

You have a pair of horns on your head.
You reflexively headbutt those who attack you in melee.


   Skills:
 - Level 2.0 Fighting
 + Level 4.7 Ranged Weapons
 - Level 1.0 Armour
 - Level 2.1 Dodging
 - Level 1.0 Spellcasting
 - Level 2.0 Hexes


You had 4 spell levels left.
You knew the following spells:

 Your Spells              Type           Power      Damage    Failure   Level
a - Slow                  Hex            12%        N/A       38%         1

Your spell library contained the following spells:

 Spells                   Type           Power      Damage    Failure   Level
 Inner Flame              Hex/Fire       1%         N/A       88%         3
 Portal Projectile        Hex/Tloc       2%         N/A       88%         3
 Cause Fear               Hex            1%         N/A       99%         4

Inventory:

Hand Weapons
 Y - a +1 sling (weapon)
Armour
 a - a +0 ring mail (worn)
 b - a +0 pair of gloves
Jewellery
 e - a ring of see invisible (left hand)
 i - an amulet of faith (around neck)
Scrolls
 c - a scroll of enchant armour {unknown}
Potions
 d - a potion of might {unknown}
 j - a potion of heal wounds {unknown}
 k - a potion of resistance {unknown}
 m - a potion of enlightenment {unknown}

Dungeon Overview and Level Annotations

Branches:
Dungeon (3/15)

Altars:

Annotations:
D:3 Ijyb


Message History

You feel sick.
You are no longer poisoned.
The adder closely misses you. You furiously retaliate!
You headbutt the adder.
You kill the adder!
The adder bites you.
You are poisoned.
The adder poisons you!
You shoot a sling bullet.
The sling bullet closely misses the adder.
The sling bullet closely misses the orc.
You feel sick. The adder bites you but does no damage.
You shoot a sling bullet.
The sling bullet barely misses the adder.
The sling bullet barely misses the orc.
You feel sick. The adder barely misses you. You furiously retaliate!
You headbutt the adder, but do no damage.
The adder barely misses you.
You shoot a sling bullet.
The sling bullet completely misses the adder.
The sling bullet closely misses the orc.
You feel sick. The adder barely misses you.
The adder bites you but does no damage.
You shoot a sling bullet. The sling bullet misses the adder.
The sling bullet closely misses the orc.
You feel sick.
You are no longer poisoned.
The adder barely misses you.
You shoot a sling bullet.
The sling bullet barely misses the adder.
The sling bullet hits the orc.
You kill the orc!
The adder bites you but does no damage. The adder closely misses you.
You furiously retaliate!
You headbutt the adder!
You kill the adder!
You feel your strength returning.
You shoot a sling bullet.
The sling bullet completely misses the orc priest.
The orc priest mumbles some strange prayers to Beogh against you.
Pain shoots through your body!
You die...

#.# #..# #.# #..#
#.#######..#####
#..............#
###..######.###..#
#####...........#
#..#
>.....##.#.######
#..# ########.#.#
######..# #.#.#
#o%@....# #.#.#
#.#####.#
#.#.###.#####.#
#......o...^?.#
###.##g..######
!.o .#.. ....


You could see an orc priest.

Vanquished Creatures
  Jessica (D:2)
  2 adders (D:3)
  A worm (D:2)
  A dart slug (D:1)
  An orc (D:3)
  4 bats (D:1)
  5 endoplasms
  A giant cockroach (D:1)
  3 goblins
  3 hobgoblins
  3 jackals (D:3)
  3 quokkas
  2 ball pythons (D:2)
  3 frilled lizards (D:1)
  2 kobolds (D:1)
  A rat (D:2)
36 creatures vanquished.

Notes
Turn   | Place    | Note
-------+----------+-------------------------------------------
     0 | D:1      | qw the Minotaur Hexslinger began the quest for the Orb.
     0 | D:1      | Reached XP level 1. HP: 16/16 MP: 1/1
     0 | D:1      | 0 ||| qw: Version: 0.3-a-52-g30416fa
     0 | D:1      | 0 ||| qw: Game counter: 6853
     0 | D:1      | 0 ||| qw: Melee chars always use a shield: true
     0 | D:1      | 0 ||| qw: God list: Okawaru
     0 | D:1      | 0 ||| qw: Allow faded altars: false
     0 | D:1      | 0 ||| qw: Do Orc after clearing Dungeon:15 true
     0 | D:1      | 0 ||| qw: Do second Lair branch before Depths: true
     0 | D:1      | 0 ||| qw: Lair rune preference: random
     0 | D:1      | 0 ||| qw: Goals: Normal
     0 | D:1      | 0 ||| PLANNING D:1-11
   135 | D:1      | HP: 3/16 [goblin/+0 club (3)]
   213 | D:1      | Reached skill level 3 in Ranged Weapons
   214 | D:1      | Reached XP level 2. HP: 21/23 MP: 2/2
   338 | D:1      | Found a faded altar of an unknown god.
   679 | D:1      | 679 ||| READING scroll labelled HAREOCA KEFA.
   680 | D:1      | 680 ||| DROPPING scroll of poison.
  1302 | D:2      | Reached XP level 3. HP: 29/29 MP: 3/3
  1720 | D:2      | Noticed Jessica
  1721 | D:2      | 1721 ||| Stepping ~*~*~tactically~*~*~ (outnumbered).
  1726 | D:2      | Killed Jessica
  1727 | D:2      | Reached skill level 4 in Ranged Weapons
  1854 | D:2      | 1854 ||| UPGRADING to +0 ring mail.
  1864 | D:2      | 1864 ||| DROPPING +0 robe.
  1865 | D:2      | 1865 ||| UPGRADING to amulet of faith.
  1870 | D:2      | 1870 ||| UPGRADING to ring of see invisible.
  1871 | D:2      | 1871 ||| READING scroll labelled UMMESMI RETREO.
  1872 | D:2      | 1872 ||| READING scroll labelled SILEOB VANKUOR.
  1873 | D:2      | 1873 ||| READING scroll labelled YTUMPU VEOTOSKAA.
  1974 | D:2      | 1974 ||| READING scroll labelled CETASE CIOLYLI.
  1975 | D:2      | 1975 ||| DRINKING 2 puce potions.
  1976 | D:2      | 1976 ||| DROPPING potion of degeneration.
  2182 | D:3      | Reached skill level 1 in Armour
  2182 | D:3      | Reached XP level 4. HP: 36/36 MP: 4/4
  2227 | D:3      | 2227 ||| Stepping ~*~*~tactically~*~*~ (outnumbered).
  2228 | D:3      | Noticed Ijyb
  2231 | D:3      | 2231 ||| Stepping ~*~*~tactically~*~*~ (outnumbered).
  2235 | D:3      | HP: 8/36 [adder (3)]
  2241 | D:3      | Killed from afar by an orc priest

Levels and vault maps discovered:
D:1:      tarquinn_simple_flora_water_f, layout_loops_cross,
          shapermc_ecumenical_altar_pompeii, minmay_misc_feat_plants
D:2:      layout_basic, uniq_jessica
D:3:      layout_loops_ring, serial_park_tiny_1, uniq_ijyb,
          uniq_crazy_yiuf_cottage, uniq_grinder

Skill      XL: |  1  2  3 |
---------------+----------+-----
Ranged Weapons | 3 4 |  4.7
Fighting       | 2 |  2.0
Armour         | 1 |  1.0
Dodging        | |  2.1
Spellcasting   | |  1.0
Hexes          | |  2.0

Action                     |  1- 3 |  4- 6 || total
---------------------------+-------+-------++-------
   Fire: Sling             |    97 |    13 ||   110
    Use: Scroll            |     5 |       ||     5
         Potion            |     1 |       ||     1
 Armour: Robe              |     2 |       ||     2
         Ring mail         |     1 |     5 ||     6
  Dodge: Dodged            |    14 |    11 ||    25

Table legend:
 A = Non-vault XP
 B = Vault XP
 C = Vault XP percentage of total XP
 D = Non-vault monster count
 E = Vault monster count
 F = Vault count percentage of total count
                 A         B        C        D         E       F
            +---------+---------+-------+---------+---------+-------
      Total |      89 |      37 |  29.4 |      35 |       1 |   2.8
            +---------+---------+-------+---------+---------+-------
        D:1 |      31 |       0 |   0.0 |      17 |       0 |   0.0
        D:2 |      16 |      37 |  69.8 |       8 |       1 |  11.1
        D:3 |      42 |       0 |   0.0 |      10 |       0 |   0.0
            +---------+---------+-------+---------+---------+-------
